 Dungeon Crawl Stone Soup version 0.27-a0-1312-g5cdb2b3542 (webtiles) character file.

Game seed: 3634712430505204674

2 freelancePsychic the Magician (level 1, -1/15 HPs)
             Began as a Djinni Enchanter on June 19, 2021.
             Slain by a jackal (2 damage)
             ... on level 1 of the Dungeon.
             The game lasted 00:00:18 (91 turns).

freelancePsychic the Magician (Djinni Enchanter)      Turns: 91, Time: 00:00:18

Health: -1/15      AC:  2    Str:  7    XL:     1   Next: 44%
Gold:   0          EV: 12    Int: 16    God:
                   SH:  0    Dex: 13

rFire    + + .     SeeInvis .   a - +1 dagger
rCold    x . .     Faith    .   (no shield)
rNeg     . . .     Spirit   .   b - +0 robe
rPois    ∞         Reflect  .   (no helmet)
rElec    .         Harm     .   (no cloak)
rCorr    .         Rampage  .   (no gloves)
Will     .....                  (boots unavailable)
Stlth    ++........             (no amulet)
HPRegen  0.05/turn              (no ring)
MPRegen  0.00/turn              (no ring)

@: flying
A: sickness immunity, fire resistance 2, cold vulnerability 1, float, innate
caster, hp casting, extra vitality 1
a: no special abilities


You were on level 1 of the Dungeon.
You visited 1 branch of the dungeon, and saw 1 of its levels.

Inventory:

Hand Weapons
 a - a +1 dagger (weapon)
Armour
 b - a +0 robe (worn)


   Skills:
 + Level 0.2 Fighting
 - Level 0.8 Short Blades
 - Level 2.1 Dodging
 - Level 2.4 Stealth
 * Level 2.5 Spellcasting


You couldn't memorise any spells.
You knew the following spells:

 Your Spells              Type           Power      Damage    Failure   Level
a - Corona                Hex            11%        N/A       7%          1
b - Ensorcelled Hibernat  Hex/Ice        20%        N/A       11%         2
c - Confusing Touch       Hex            10%        N/A       22%         3
d - Tukima's Dance        Hex            10%        N/A       22%         3
e - Dazzling Flash        Conj/Hex       20%        N/A       22%         3
Your spell library was empty.

Dungeon Overview and Level Annotations

Branches:
Dungeon (1/15)

Altars:


Innate Abilities, Weirdness & Mutations

You are immune to sickness and miasma.
You are immune to poison.
Your flesh is very heat resistant. (rF++)
You are vulnerable to cold. (rC-)
You float through the air rather than walking.
You learn spells naturally, not from books.
Your magical power is your life essence.
You have superior vitality. (+4 HP)


Message History

You are too injured to fight recklessly!
You are too injured to fight recklessly!
You are too injured to fight recklessly!
You are too injured to fight recklessly!
You are too injured to fight recklessly!
You are too injured to fight recklessly!
You are too injured to fight recklessly!
You are too injured to fight recklessly!
You are too injured to fight recklessly!
You are too injured to fight recklessly!
You are too injured to fight recklessly!
You are too injured to fight recklessly!
You are too injured to fight recklessly!
You are too injured to fight recklessly!
You are too injured to fight recklessly!
You barely miss the jackal. The jackal bites you. x2
You hit the jackal.
The jackal is heavily wounded.
The jackal misses you. The jackal bites you.
* * * LOW HITPOINT WARNING * * *
The jackal barely misses you.
You hit the jackal.
The jackal is severely wounded.
The jackal bites you but does no damage.
The jackal closely misses you. The jackal bites you.
* * * LOW HITPOINT WARNING * * *
You closely miss the jackal.
The jackal is severely wounded.
The jackal barely misses you.
The jackal bites you but does no damage.
You completely miss the jackal.
The jackal is severely wounded.
The jackal bites you but does no damage.
The jackal barely misses you. x2
You closely miss the jackal.
The jackal is severely wounded.
The jackal bites you.
* * * LOW HITPOINT WARNING * * *
The jackal bites you.
You die...

..## ..... .
....###...# .#
..........###.####
..................
..................
##.................#
.#....#....#..# ..#
......h.##h#..# ...#
.#.......#@#..# ...# .
.....###.#h#.####...#.#
......................#
.....≈≈≈≈≈≈≈≈..≈†≈≈≈≈≈≈
.#...≈..8..8....8..8..≈
#...≈.######''######.≈
.(..≈8#≈≈≈≈≈..≈≈≈≈≈#
#.#.≈.#≈..........≈#
....≈.#≈.########.≈#


You could see 2 jackals.

Vanquished Creatures
  A giant cockroach (D:1)
  A jackal (D:1)
2 creatures vanquished.

Notes
Turn   | Place    | Note
-------+----------+-------------------------------------------
     0 | D:1      | freelancePsychic the Djinni Enchanter began the quest for
                  | the Orb.
     0 | D:1      | Reached XP level 1. HP: 15/15 MP: 0/0
    91 | D:1      | Slain by a jackal

Illustrated notes

Levels and vault maps discovered:
D:1:      lightli_arrival_isolated_outpost, layout_basic,
          ebering_ecumenical_altar_rust, minmay_ruptured

Action                   || total
-------------------------++-------
Melee: Dagger            ||    18
Armor: Robe              ||     4
Dodge: Dodged            ||    11

Table legend: (Time is in decaauts)
 A = Elapsed time spent in this place.
 B = Non-inter-level travel time spent in this place.
 C = Inter-level travel time spent in this place.
 D = Time resting spent in this place.
 E = Time spent auto-exploring this place.
 F = Levels seen in this place.
 G = Mean time per level.
                   A        B        C        D        E       F      G
               +--------+--------+--------+--------+--------+-----+--------+
         Total |     90 |     90 |      0 |      0 |     63 |   1 |   90.0 |
       Dungeon |     90 |     90 |      0 |      0 |     63 |   1 |   90.0 |
               +--------+--------+--------+--------+--------+-----+--------+

Top non-repeatable levels by time:
     D:1: 90 daAuts
